 Dungeon Crawl Stone Soup version 0.25.1-2-g60ff931df9 (webtiles) character file.

Game seed: 6005961620750987618

45 Arcadio the Slasher (level 3, -1/33 HPs)
             Began as a Minotaur Berserker on Nov 19, 2020.
             Was a Believer of Trog.
             Slain by a worm (10 damage)
             ... on level 1 of the Dungeon.
             The game lasted 00:11:36 (1211 turns).

Arcadio the Slasher (Minotaur Berserker)            Turns: 1211, Time: 00:11:37

Health: -1/33      AC:  2    Str: 22    XL:     3   Next: 42%
Magic:  2/2        EV: 12    Int:  4    God:    Trog [**....]
Gold:   31         SH:  0    Dex:  9    Spells: 2/2 levels left

rFire    . . .     SeeInvis .   a - +0 falchion
rCold    . . .     Gourm    .   (no shield)
rNeg     . . .     Faith    .   b - +0 animal skin
rPois    .         Spirit   .   (helmet restricted)
rElec    .         Reflect  .   (no cloak)
rCorr    .         Harm     .   (no gloves)
MR       .....                  (no boots)
Stlth    +.........             (no amulet)
HPRegen  0.11/turn              (no ring)
MPRegen  0.08/turn              (no ring)

@: berserk cooldown
A: retaliatory headbutt, horns 2
a: Berserk, Trog's Hand, Renounce Religion


You were on level 1 of the Dungeon.
You worshipped Trog.
Trog was pleased with you.
You were not hungry.

You visited 1 branch of the dungeon, and saw 2 of its levels.

You collected 31 gold pieces.

Inventory:

Hand Weapons
 a - a +0 falchion (weapon)
 h - a +0 club
 m - a +0 hunting sling
Missiles
 i - 4 boomerangs (quivered)
Armour
 b - a +0 animal skin (worn)
 g - a +0 chain mail
Jewellery
 f - a cursed -4 ring of evasion {unknown}
 j - an uncursed ring of protection from cold {unknown}
Potions
 e - a potion of heal wounds {unknown}
 k - a potion of brilliance {unknown}
 l - a potion of haste {unknown}
 n - a potion of lignification {unknown}
Comestibles
 c - 2 rations


   Skills:
 + Level 4.2 Fighting
 + Level 4.4 Long Blades
 + Level 2.8 Armour
 + Level 2.7 Dodging


You had 2 spell levels left.
You didn't know any spells.
Your spell library was empty.

Dungeon Overview and Level Annotations

Branches:
Dungeon (2/15)

Altars:


Innate Abilities, Weirdness & Mutations

You reflexively headbutt those who attack you in melee.
You have a pair of horns on your head.


Message History

You barely miss the worm. The worm closely misses you.
You slash the worm!
The worm is heavily wounded.
The worm bites you.
* * * LOW HITPOINT WARNING * * *
The worm misses you.
You riposte.
You slash the worm!
The worm is severely wounded.
You climb upwards.
There is a stone staircase leading down here.
Throwing (i - inventory)
i - 4 boomerangs (quivered)
Press: ? - help, Shift-Dir - straight line, f - worm
Aim: a worm (heavily wounded)
You throw a boomerang. The boomerang hits the worm.
The worm is heavily wounded.
The worm closely misses you.
You hit the worm.
The worm is heavily wounded.
You feel yourself speed up. The worm bites you!
You die...

#######....#.#.........#
......#......###'#######
......#...#..###'######
......#...#..##.......#
......#...##.##.......#
.............##.......#
############..#.......#
#..............#
#.####...@.....# #.#
##..w.....#
########'#####........#
.............##.......#
.............##.....#.#
.............##.....#.#
.............##.....#.######
.............##รท>...#......#
.............##.....######.#


You could see a worm.

Vanquished Creatures
  2 dart slugs (D:1)
  A leopard gecko (D:1)
  3 bats
  5 giant cockroaches (D:1)
  3 goblins (D:1)
  6 hobgoblins
  4 jackals (D:1)
  6 kobolds
  A ball python (D:2)
  3 frilled lizards (D:1)
  A rat (D:1)
35 creatures vanquished.

Notes
Turn   | Place    | Note
-------+----------+-------------------------------------------
     0 | D:1      | Arcadio the Minotaur Berserker began the quest for the Orb.
     0 | D:1      | Reached XP level 1. HP: 19/19 MP: 0/0
   246 | D:1      | Reached XP level 2. HP: 27/27 MP: 1/1
   555 | D:1      | Reached XP level 3. HP: 33/33 MP: 2/2
   563 | D:1      | Reached ** piety under Trog
  1211 | D:1      | Slain by a worm

Illustrated notes

Levels and vault maps discovered:
D:1:      grunt_arrival_crossed_arrows, layout_basic, minmay_bisected
D:2:      layout_rooms, gammafunk_temple_overflow_claw, zin_treasury,
          first_ration, hangedman_decor_push, kennysheep_generic_room_10,
          uniq_robin, uniq_jessica, uniq_terence

Skill      XL: |  1  2 |
---------------+-------+-----
Long Blades    | 4 |  4.4
Fighting       | 4 |  4.2
Armour         | |  2.8
Dodging        | |  2.7

Action                   || total
-------------------------++-------
Melee: Falchion          ||    63
       Headbutt          ||     7
Throw: Boomerang         ||     1
Invok: Berserk           ||     4
  Eat: Chunk             ||     5
Armor: Animal skin       ||    18
Dodge: Dodged            ||    35
       Rpst.: Falchion   ||    12
